 Dungeon Crawl Stone Soup version 0.26-a0-597-gb535b0901c (webtiles) character file.

Game seed: 3509546219104764163

238682 Inarius the Executioner (level 19, -2/169 HPs)
             Began as a Hill Orc Chaos Knight on Aug 25, 2020.
             Was a Plaything of Xom.
             Hit by a silver javelin thrown by a merfolk javelineer (5 damage)
             ... on level 4 of the Shoals.
             The game lasted 01:16:34 (35785 turns).

Inarius the Executioner (Hill Orc Chaos Knight)    Turns: 35785, Time: 01:16:35

Health: -2/169     AC: 25    Str: 39    XL:     19   Next: 72%
Magic:  19/19      EV:  9    Int: 20    God:    Xom [*.....]
Gold:   2946       SH: 27    Dex:  3    Spells: 18/18 levels left

rFire    + + +     SeeInvis .   b - +10 broad axe "Nokuf" {venom, rF++ Stlth+}
rCold    + + .     Faith    .   v - +0 tower shield
rNeg     . . .     Spirit   .   K - +5 scale mail of Optimism {Regen+ Int+5 Dex-5}
rPois    +         Reflect  +   Q - +2 helmet
rElec    .         Harm     .   X - +0 cloak of Resilience {rC++ Str+2 Int+3}
rCorr    +                      I - +0 pair of gloves of the Arcane {rPois rCorr Str+2}
MR       ++...                  w - +0 pair of boots of Zaakolit {Str+6}
Stlth    +++.......             r - amulet of reflection
HPRegen  0.78/turn              S - ring of protection from magic
MPRegen  0.16/turn              o - ring "Zucietih" {rPois rF+ Str+6 Dex-2 Stlth+}

@: lethally poisoned (-2 -> -2), flying, very slightly contaminated, invisible
A: slimy green scales 1, blink, frail 1, screaming 2
}: 1/15 runes: serpentine
a: Blink, Renounce Religion


You were on level 4 of the Shoals.
You worshipped Xom.
You were a special plaything of Xom.
You visited 5 branches of the dungeon, and saw 31 of its levels.
You visited the Abyss 1 time.
You also visited: Sewer.

You collected 4648 gold pieces.
You spent 1702 gold pieces at shops.

Inventory:

Hand Weapons
 a - the +9 broad axe "Woyduret" {antimagic, +Rage rF+ Str-4 Int+3}
   (You acquired it on level 4 of the Lair of Beasts)

   It reduces the magical energy of the wielder, and disrupts the spells and
   magical abilities of those hit.
   Natural abilities and divine invocations are not affected.
   It affects your strength (-4).
   It affects your intelligence (+3).
   It protects you from fire.
   It lets you go berserk.
 b - the +10 broad axe "Nokuf" (weapon) {venom, rF++ Stlth+}
   (You acquired it on level 1 of the Lair of Beasts)

   It poisons the flesh of those it strikes.
   It greatly protects you from fire.
   It makes you more stealthy.
 U - a +9 broad axe of holy wrath
Armour
 u - a +0 plate armour of positive energy
 v - a +0 tower shield (worn)
 w - the +0 pair of boots of Zaakolit (worn) {Str+6}
   (You acquired it on level 4 of the Lair of Beasts)

   It affects your strength (+6).
 y - the +0 pair of gloves of Catatonia {Rampage +Inv MR- Dex+6}
   (Xom gifted it to you on level 5 of the Dungeon)

   It affects your dexterity (+6).
   It affects your resistance to hostile enchantments.
   It lets you turn invisible.
   It bestows one free step when moving towards enemies.
 I - the +0 pair of gloves of the Arcane (worn) {rPois rCorr Str+2}
   (You found it on level 12 of the Dungeon)

   It affects your strength (+2).
   It protects you from poison.
   It provides partial protection from all sources of acid and corrosion.
 K - the +5 scale mail of Optimism (worn) {Regen+ Int+5 Dex-5}
   (You found it on level 4 of the Lair of Beasts)

   It affects your intelligence (+5).
   It affects your dexterity (-5).
   It increases your rate of regeneration.
 Q - a +2 helmet (worn)
 V - +0 pearl dragon scales
 X - the +0 cloak of Resilience (worn) {rC++ Str+2 Int+3}
   (You acquired it on level 4 of the Lair of Beasts)

   It affects your strength (+2).
   It affects your intelligence (+3).
   It greatly protects you from cold.
Jewellery
 n - an uncursed amulet of guardian spirit
 o - the ring "Zucietih" (right hand) {rPois rF+ Str+6 Dex-2 Stlth+}
   (You bought it in a shop on level 2 of the Orcish Mines)

   [ring of strength]

   It affects your strength (+6).
   It affects your dexterity (-2).
   It protects you from fire.
   It protects you from poison.
   It makes you more stealthy.
 r - an amulet of reflection (around neck)
 A - an uncursed ring of protection from cold
 S - a ring of protection from magic (left hand)
Wands
 d - a wand of disintegration (49)
 f - a wand of acid (2)
 m - a wand of flame (42)
 q - a wand of paralysis (9)
 N - a wand of enslavement (5)
 O - a wand of iceblast (23)
 Z - a wand of digging (19)
Scrolls
 j - 10 scrolls of identify
 t - 4 scrolls of fog
 z - 2 scrolls of immolation
 B - 2 scrolls of silence
 E - 5 scrolls of enchant armour
 F - 2 scrolls of blinking
 G - 4 scrolls of teleportation
 J - a scroll of fear
 L - 6 scrolls of remove curse
 T - 2 scrolls of magic mapping
 Y - a scroll of summoning
Potions
 c - a potion of magic
 e - a potion of ambrosia
 g - 4 potions of cancellation
 h - 4 potions of might
 i - 7 potions of mutation
 k - 5 potions of flight
 l - 4 potions of stabbing
 p - 7 potions of haste
 s - 6 potions of invisibility
 x - 2 potions of berserk rage
 D - 6 potions of heal wounds
 M - 10 potions of curing
 R - a potion of resistance
Miscellaneous
 C - a phantom mirror
 H - a box of beasts (2/3)
 P - a lightning rod (4/4)
 W - a tin of tremorstones (3/3)


   Skills:
 + Level 20.8 Fighting
 + Level 22.3 Axes
 + Level 13.6 Armour
 + Level 7.3 Dodging
 - Level 3.8 Stealth
 + Level 14.9 Shields
 + Level 15.9 Evocations


You had 18 spell levels left.
You didn't know any spells.
Your spell library contained the following spells:

 Spells                   Type           Power        Failure   Level
 Corona                   Hex            #......      71%         1
 Magic Dart               Conj           #...         71%         1
 Sandblast                Erth           #.....       71%         1
 Corpse Rot               Necr/Air       N/A          85%         2
 Passwall                 Tmut/Erth      #.......     85%         2
 Searing Ray              Conj           #.....       85%         2
 Slow                     Hex            #.......     85%         2
 Confusing Touch          Hex            #.......     97%         3
 Dazzling Flash           Conj/Hex       #.....       97%         3
 Gell's Gravitas          Tloc           #.........   97%         3
 Inner Flame              Hex/Fire       #.......     97%         3
 Portal Projectile        Hex/Tloc       #.....       97%         3
 Static Discharge         Conj/Air       #.......     97%         3
 Stone Arrow              Conj/Erth      #.....       97%         3
 Cause Fear               Hex            #.........   100%        4
 Fulminant Prism          Conj/Hex       #.........   100%        4
 Iskenderun's Mystic Bla  Conj/Tloc      #.......     100%        4
 Leda's Liquefaction      Hex/Erth       #.........   100%        4
 Petrify                  Tmut/Erth      #.......     100%        4
 Lee's Rapid Deconstruct  Erth           #.........   100%        5
 Lightning Bolt           Conj/Air       #.........   100%        5
 Metabolic Englaciation   Hex/Ice        #.........   100%        5
 Summon Forest            Summ/Tloc      #.........   100%        5
 Yara's Violent Unravell  Hex/Tmut       #.........   100%        5
 Eringya's Noxious Bog    Tmut/Pois      #.........   100%        6
 Hydra Form               Tmut           #.........   100%        6
 Summon Hydra             Summ           #.........   100%        7
 Ignition                 Fire           #.........   100%        8
 Shatter                  Erth           #.........   100%        9
 Tornado                  Air            #.........   100%        9


Dungeon Overview and Level Annotations

Branches:
Dungeon (15/15)            Temple (0/1) D:5            Lair (6/6) D:11
 Shoals (4/4) Lair:4        Snake (4/4) Lair:3        Slime (0/5) Lair:5
    Orc (2/2) D:11            Elf (0/3) Orc:2        Vaults (0/5) D:14
 Depths (0/5) D:15          Sewer (visited)

Altars:
Fedhas
Kikubaaqudgha
Makhleb
Nemelex Xobeh
Qazlal
Ru
Sif Muna
Uskayaw
Wu Jian
Xom
The Shining One
Beogh
Jiyva

Shops:
D:6 !*   D:10 !   D:13 (   Orc:2 ([*=(   Shoals:1 [

Annotations:
D:6 1 runed translucent door, SatoMori's ghost, novice GnCK
D:7 vurker's ghost, amateur FoDe
D:9 2 transporters, p0werm0de's ghost, novice MiFi
D:12 1 runed translucent door, p0werm0de's ghost, journeyman MiFi
Lair:3 3 runed translucent doors, Sygruoh's ghost, journeyman TeAE


Innate Abilities, Weirdness & Mutations

You are partially covered in slimy green scales. (AC +2)
You can translocate small distances at will.
You are frail. (-10% HP)
You sometimes yell uncontrollably at your foes.


Message History

Your elder fireox beast's corpse disappears in a puff of smoke!
You hear a splash.
The merfolk javelineer throws a silver javelin.
The silver javelin barely misses the water elemental.
You block the merfolk impaler's attack.
A merfolk siren comes into view. It is wielding a +0 trident.
Unknown command.
Okay, then.
Unknown command.
The merfolk javelineer throws a javelin.
The javelin pierces through you!
* * * LOW HITPOINT WARNING * * *
You hear a splash.
The merfolk javelineer throws a silver javelin.
The silver javelin pierces through you!!
* * * LOW HITPOINT WARNING * * *
Xom thinks this is hilarious!
The silver sears you!
You die...
Xom laughs nastily!

≈≈≈≈≈≈≈≈≈≈≈≈≈≈≈≈≈≈
≈≈≈≈≈≈≈≈≈≈≈≈≈≈≈≈≈≈
≈≈≈≈≈≈≈≈≈≈≈≈≈≈≈≈≈≈
≈≈≈≈≈≈≈≈≈≈≈≈≈≈≈≈≈≈≈≈
≈≈≈≈≈≈≈≈≈≈≈≈≈≈≈≈≈≈≈≈≈
≈≈≈≈≈≈≈≈≈m≈≈≈≈≈≈≈≈≈≈≈
≈..≈≈≈≈≈≈≈≈§)≈≈≈≈≈≈≈≈
#.≈≈(≈≈≈≈≈≈)mm≈≈≈≈≈≈
#≈≈≈≈≈.†@)##m##≈≈≈≈
#≈.....)†##m≈k# ≈
#≈..(.E≈≈# mm≈#
#≈≈...m≈.# mm≈#
##≈≈......# ≈≈≈#
≈#####≈≈≈[H....##
≈≈##
≈≈≈≈≈≈≈≈≈(.(..(≈#####
.≈≈≈≈≈≈≈≈(≈≈(...≈P≈
≈.≈≈≈≈≈≈≈≈..≈...≈..≈


You could see a merfolk impaler, 2 merfolk javelineers, a manticore (wandering),
a water elemental (wandering) and a merfolk siren (wandering).

Vanquished Creatures
  Saint Roka (Orc:1)
  Nikola (Snake:1)
  Jorgrun (D:15)
  A kraken (Shoals:3)
  2 tentacled starspawn (Abyss:1)
  Ilsuiw (Shoals:3)
  11 nagarajas
  A minotaur (Shoals:2)
  An ettin (D:15)
  3 merfolk javelineers
  7 merfolk impalers
  Josephine (D:15)
  2 fire dragons
  A vault guard (D:14)
  4 merfolk avatars
  A hydra (Lair:5)
  9 naga warriors
  A catoblepas (D:15)
  Erica (D:8)
  A centaur warrior (D:14)
  3 merfolk aquamancers
  9 two-headed ogres
  11 anacondas
  An alligator snapping turtle (Shoals:4)
  4 satyrs
  A death yak (Lair:3)
  3 ogre magi
  Urug (D:10)
  6 orc high priests
  8 shock serpents
  A deep elf knight (D:15)
  20 naga sharpshooters
  6 salamander mystics
  2 wretched stars (Abyss:1)
  A deep elf archer (D:14)
  A deep troll (D:15)
  30 sea snakes
  7 orc knights
  A wizard (D:14)
  3 large abominations (Abyss:1)
  5 naga ritualists
  6 mana vipers (Snake:4)
  A lindwurm (Lair:6)
  2 necromancers (D:14)
  A deep elf mage (D:12)
  5 cyclopes
  12 harpies
  12 ugly things
  5 orc sorcerers
  11 salamanders
  18 fauns
  3 oklob plants (Lair:4)
  11 manticores
  6 elephants
  22 black mambas
  Maurice (D:7)
  6 guardian serpents (Snake:4)
  Joseph (D:9)
  13 merfolk sirens
  16 naga magi
  An orange demon (Abyss:1)
  5 water nymphs
  3 molten gargoyles (Lair:6)
  A gargoyle (D:12)
  Maggie (D:8)
  A torpor snail (Lair:3)
  13 cane toads
  2 rime drakes
  10 komodo dragons
  3 yaktaurs
  A freezing wraith (D:15)
  A redback zombie (D:15)
  An efreet (D:14)
  An ancient zyme (Abyss:1)
  3 polar bears
  28 merfolk
  2 meliai (shapeshifter)
  7 trolls
  A jumping spider (D:15)
  A tyrant leech (D:13)
  5 meliai
  A queen bee (D:15)
  2 wind drakes (Shoals:2)
  2 hornets
  8 hippogriffs
  4 blink frogs (Lair:5)
  9 dream sheep
  12 snapping turtles
  A meliai zombie (D:11)
  2 small abominations (Abyss:1)
  39 yaks
  A spriggan (Lair:6)
  11 wraiths
  Eustachio (D:6)
  A vampire (D:14)
  8 water elementals
  4 wyverns
  7 basilisks
  2 shadows
  A steam dragon (Lair:6)
  17 humans (D:14)
  2 vampire mosquitoes (D:15)
  4 wargs
  58 nagas
  An acid dragon (D:14)
  4 hell hounds (Lair:6)
  22 water moccasins
  44 orc warriors
  9 porcupines
  5 sky beasts
  A black bear (D:10)
  2 ice beasts
  4 phantoms
  An eye of draining (D:14)
  An eye of draining (shapeshifter) (D:15)
  15 centaurs
  12 wolves
  15 ogres
  13 crocodiles
  2 big kobolds
  6 bullfrogs
  2 wyvern skeletons
  A hornet simulacrum (D:15)
  3 scorpions
  21 killer bees
  5 vampire bats (Orc:1)
  14 wights
  A spectral bullfrog (D:7)
  5 lava snakes (Lair:6)
  5 electric eels
  3 howler monkeys
  31 orc priests
  A quasit (D:8)
  3 centaur zombies
  5 centaur skeletons
  8 hounds
  25 orc wizards
  2 bullfrog skeletons
  6 jellies
  Jessica (D:2)
  3 iguanas
  13 worker ants
  A killer bee zombie (D:10)
  A hound zombie (D:8)
  2 hound skeletons (D:5)
  2 worker ant zombies
  18 adders
  8 white imps
  A worker ant simulacrum (D:7)
  3 oozes
  5 ufetubi
  2 adder skeletons (D:9)
  2 worms
  3 dart slugs
  An adder simulacrum (D:8)
  9 leopard geckos
  95 orcs
  12 bats
  7 giant cockroaches
  8 goblins
  7 hobgoblins
  12 jackals
  7 quokkas
  3 ball pythons
  A ball python skeleton (D:5)
  4 frilled lizards
  A jackal zombie (D:9)
  19 kobolds
  4 rats
  4 fungi
  4 plants
  A starspawn tentacle (Abyss:1)
  4 tentacles (Shoals:3)
1181 creatures vanquished.

Vanquished Creatures (collateral kills)
  An anaconda (Snake:1)
  A mana viper (Snake:4)
  A sea snake (Snake:3)
  A faun (Shoals:1)
  2 salamanders
  5 black mambas
  A cane toad (Lair:6)
  A hippogriff (D:9)
  A human (shapeshifter) (D:4)
  3 nagas
  A crocodile (Lair:6)
  A bullfrog (D:5)
  A killer bee (D:9)
  A wight (D:11)
  An orc priest (D:5)
  A bullfrog skeleton (D:6)
  A white imp (D:6)
  A worm (D:4)
  4 orcs (D:11)
29 creatures vanquished.

Vanquished Creatures (others)
  A nagaraja (Snake:4)
  2 shock serpents
  A hydra (Lair:6)
  A meliai (Shoals:2)
  A naga (Snake:1)
  A worker ant (D:5)
  An orc (Orc:2)
  A giant cockroach (D:5)
  2 fungi
  57 plants
  17 starspawn tentacles (Abyss:1)
  7 tentacles (Shoals:3)
92 creatures vanquished.

Grand Total: 1302 creatures vanquished

Notes
Turn   | Place    | Note
-------+----------+-------------------------------------------
     0 | D:1      | Inarius the Hill Orc Chaos Knight began the quest for the
                  | Orb.
     0 | D:1      | Reached XP level 1. HP: 19/19 MP: 1/1
    19 | D:1      | XOM: butterfly on damage
   126 | D:1      | XOM: potion effect (berserk rage)
   156 | D:1      | XOM: noise
   192 | D:1      | XOM: 1-stop teleportation journey
   300 | D:1      | Reached XP level 2. HP: 20/27 MP: 2/2
   758 | D:1      | XOM: noise
   993 | D:1      | XOM: god gift: crooked smoking staff {god gift}
  1183 | D:2      | XOM: fake destruction
  1377 | D:2      | Reached XP level 3. HP: 23/33 MP: 3/3
  1537 | D:2      | Reached skill level 1 in Dodging
  1610 | D:2      | Reached skill level 5 in Axes
  1646 | D:2      | Reached XP level 4. HP: 40/40 MP: 4/4
  1669 | D:2      | XOM: 2-stop teleportation journey
  1670 | D:2      | Noticed Jessica
  1677 | D:2      | Killed Jessica
  2122 | D:2      | Reached XP level 5. HP: 47/47 MP: 5/5
  2243 | D:2      | XOM: 4-stop teleportation journey
  2258 | D:2      | XOM: scenery: create altars
  2553 | D:3      | XOM: god gift: 460 gold pieces
  2592 | D:3      | Found a stormy altar of Qazlal.
  2592 | D:3      | XOM: 7-stop teleportation journey
  2643 | D:4      | Reached skill level 6 in Axes
  2663 | D:4      | XOM: polymorph worker ant -> iguana
  2693 | D:4      | XOM: 1-stop teleportation journey
  2699 | D:4      | Noticed an ogre
  2702 | D:4      | XOM: confuse monster(s)
  2719 | D:4      | Killed an ogre
  2719 | D:4      | Reached XP level 6. HP: 22/53 MP: 6/6
  2997 | D:4      | Noticed a warg
  2997 | D:4      | a hound changed into a warg
  3009 | D:4      | Killed a warg
  3009 | D:4      | Reached skill level 5 in Fighting
  3009 | D:4      | Reached skill level 7 in Axes
  3009 | D:4      | Reached skill level 1 in Stealth
  3009 | D:4      | Reached XP level 7. HP: 25/61 MP: 2/7
  3063 | D:4      | XOM: give mutations
  3063 | D:4      | Gained mutation: You have sharp toenails. [Xom's grace]
  3063 | D:4      | Gained mutation: You are resistant to electric shocks.
                  | (rElec) [Xom's grace]
  3063 | D:4      | Gained mutation: You are partially covered in slimy green
                  | scales. (AC +2) [Xom's grace]
  3063 | D:4      | Gained mutation: You possess an exceptional clarity of
                  | mind. [Xom's grace]
  3207 | D:4      | XOM: give mutation
  3207 | D:4      | Gained mutation: Your flesh is heat resistant. (rF+) [Xom's
                  | grace]
  3271 | D:4      | XOM: 6-stop teleportation journey
  3352 | D:4      | Noticed a shapeshifter
  3352 | D:4      | a hound changed into a shapeshifter
  3352 | D:4      | XOM: scenery: 1 doors close
  3352 | D:4      | Noticed a human
  3352 | D:4      | a shapeshifter changed into a human
  3353 | D:4      | XOM: summons 7 friendly demons
  3357 | D:4      | Killed a human
  3411 | D:4      | Noticed a shapeshifter
  3411 | D:4      | a jackal changed into a shapeshifter
  3411 | D:4      | Noticed a meliai
  3411 | D:4      | a shapeshifter changed into a meliai
  3413 | D:4      | XOM: polymorph giant cockroach -> orc
  3418 | D:4      | XOM: enchant monster (bad)
  3419 | D:4      | Lost mutation: You are resistant to electric shocks.
                  | (rElec) [potion of mutation]
  3419 | D:4      | Lost mutation: You have sharp toenails. [potion of
                  | mutation]
  3419 | D:4      | Lost mutation: You possess an exceptional clarity of mind.
                  | [potion of mutation]
  3419 | D:4      | Gained mutation: You have a pair of small antennae on your
                  | head. [potion of mutation]
  3419 | D:4      | Gained mutation: You are partially covered in rugged brown
                  | scales. (AC +1, +3% HP) [potion of mutation]
  3419 | D:4      | Gained mutation: You passively map a small area around you.
                  | [potion of mutation]
  3419 | D:4      | Gained mutation: You are robust. (+10% HP) [potion of
                  | mutation]
  3429 | D:4      | Killed a meliai
  3429 | D:4      | Reached skill level 8 in Axes
  3429 | D:4      | Reached skill level 5 in Armour
  3442 | D:4      | HP: 3/70 [poisoned by a meliai]
  3447 | D:4      | HP: 2/70 [poisoned by a meliai]
  3454 | D:4      | HP: 2/70 [poisoned by a meliai]
  3462 | D:4      | HP: 2/70 [poisoned by a meliai]
  3565 | D:4      | Found a burning altar of Makhleb.
  3565 | D:4      | XOM: 4-stop teleportation journey
  3940 | D:3      | You fall into a shaft and drop 1 floor!
  4052 | D:3      | XOM: polymorph giant cockroach -> hobgoblin
  4629 | D:4      | XOM: give mutations
  4629 | D:4      | Gained mutation: Your flesh is cold resistant. (rC+) [Xom's
                  | mischief]
  4629 | D:4      | Lost mutation: Your flesh is heat resistant. (rF+) [Xom's
                  | mischief]
  4629 | D:4      | Lost mutation: You are robust. (+10% HP) [Xom's mischief]
  4667 | D:5      | Entered Level 5 of the Dungeon
  4700 | D:5      | Reached XP level 8. HP: 69/72 MP: 8/8
  4747 | D:5      | Found a staircase to the Ecumenical Temple.
  4807 | D:5      | Found an ancient bone altar of Kikubaaqudgha.
  4832 | D:5      | Found a sacrificial altar of Ru.
  4913 | D:5      | Found a glowing drain.
  4945 | Sewer    | Entered a sewer
  5265 | D:5      | XOM: 3-stop teleportation journey
  5343 | D:5      | XOM: god gift: pair of polished gloves {god gift}
  5344 | D:5      | Got a pair of polished gloves {god gift}
  5350 | D:5      | Identified the +0 pair of gloves of Catatonia {Rampage +Inv
                  | MR- Dex+6} (Xom gifted it to you on level 5 of the Dungeon)
  5441 | D:5      | Found a blossoming altar of Fedhas.
  5566 | D:5      | Found a shimmering altar of Xom.
  5569 | D:5      | Found a sparkling altar of Nemelex Xobeh.
  5677 | D:6      | Found Uleakk's Distillery.
  5698 | D:6      | Reached skill level 9 in Axes
  5700 | D:6      | XOM: potion effect (heal wounds)
  5753 | D:6      | XOM: summons friendly crimson imp
  5764 | D:6      | XOM: enchant monster (good)
  5780 | D:6      | Found a runed translucent door.
  5939 | D:6      | XOM: 1-stop teleportation journey
  6051 | D:6      | Reached XP level 9. HP: 75/80 MP: 9/9
  6070 | D:6      | XOM: summons 5 hostile demons
  6071 | D:6      | Noticed an ice devil
  6071 | D:6      | Noticed a smoke demon
  6266 | D:6      | XOM: torment (41/80 hp)
  6271 | D:6      | Reached skill level 10 in Axes
  6470 | D:6      | Noticed a two-headed ogre
  6471 | D:6      | XOM: repel stairs
  6482 | D:6      | XOM: silly message
  6483 | D:6      | XOM: cast spell 'Metabolic Englaciation'
  6494 | D:6      | Killed a two-headed ogre
  6711 | D:6      | Noticed SatoMori's ghost (novice GnCK)
  6780 | D:6      | Reached skill level 11 in Axes
  6982 | D:6      | Noticed Eustachio
  6995 | D:6      | Killed Eustachio
  7159 | D:6      | Found an ornate altar of the Wu Jian Council.
  7218 | D:6      | Found Veir's General Store.
  7224 | D:6      | Bought a potion of degeneration for 10 gold pieces
  7224 | D:6      | Bought a scroll of fear for 35 gold pieces
  7248 | D:6      | Found a shimmering blue altar of Sif Muna.
  7430 | D:7      | Found a runed translucent gate.
  7430 | D:7      | Found a runed translucent gate.
  7430 | D:7      | Found a runed translucent gate.
  7430 | D:7      | XOM: 6-stop teleportation journey
  7435 | D:7      | XOM: snakes to sticks
  7436 | D:7      | XOM: confuse monster(s)
  7437 | D:7      | Noticed a cyclops
  7455 | D:7      | Killed a cyclops
  7455 | D:7      | Reached skill level 12 in Axes
  7455 | D:7      | Reached XP level 10. HP: 46/90 MP: 10/10
  7791 | D:7      | XOM: noise
  7796 | D:7      | Noticed vurker's ghost (amateur FoDe)
  8099 | D:7      | XOM: god gift: scroll of amnesia
  8235 | D:8      | Reached skill level 13 in Axes
  8235 | D:8      | Noticed a death yak
  8236 | D:8      | Noticed Maurice
  8467 | D:7      | XOM: give mutations
  8467 | D:7      | Gained mutation: Your body sometimes deteriorates upon
                  | taking damage. [Xom's mischief]
  8467 | D:7      | Gained mutation: You are dopey. (Int -2) [Xom's mischief]
  8467 | D:7      | Gained mutation: You have sharp toenails. [Xom's mischief]
  8579 | D:7      | XOM: divination: magic mapping
  8588 | D:7      | Killed Maurice
  8621 | D:6      | XOM: silly message
  8942 | D:6      | XOM: noise
  8993 | D:8      | Noticed Maggie
  9007 | D:7      | XOM: silly message
  9124 | D:8      | XOM: summons friendly shadow imp
  9144 | D:7      | Noticed an alligator snapping turtle
  9144 | D:7      | a death yak changed into an alligator snapping turtle
  9144 | D:7      | XOM: polymorph death yak -> alligator snapping turtle
  9148 | D:7      | XOM: swap monsters
  9154 | D:7      | XOM: cleaving
  9156 | D:7      | XOM: scenery: 3 doors open
  9172 | D:7      | XOM: scenery: create altars
  9333 | D:7      | XOM: stat loss: -1 Int (9/10)
  9370 | D:8      | Reached skill level 1 in Evocations
  9431 | D:8      | XOM: 3-stop teleportation journey
  9432 | D:8      | Noticed Erica
  9436 | D:8      | XOM: noise
  9441 | D:8      | Killed Erica
  9702 | D:8      | Reached skill level 14 in Axes
  9839 | D:7      | XOM: enchant monster (bad)
  9841 | D:7      | Reached XP level 11. HP: 76/97 MP: 11/11
  9938 | D:7      | XOM: give mutations
  9938 | D:7      | Gained mutation: You can translocate small distances at
                  | will. [Xom's grace]
  9938 | D:7      | Gained mutation: Your system is resistant to poisons.
                  | (rPois) [Xom's grace]
  9938 | D:7      | Gained mutation: Your spells are a little harder to cast,
                  | but a little more powerful. [Xom's grace]
  9938 | D:7      | Gained mutation: Your natural rate of healing is unusually
                  | fast. [Xom's grace]
  9962 | D:8      | Killed Maggie
  9965 | D:8      | XOM: summons friendly quasit
  9979 | D:8      | XOM: 3-stop teleportation journey
 10532 | D:9      | Noticed Joseph
 10543 | D:9      | XOM: summons friendly hellwing
 10555 | D:9      | Killed Joseph
 10589 | D:9      | Found a stormy altar of Qazlal.
 10610 | D:9      | Found a transporter.
 10629 | D:9      | Noticed p0werm0de's ghost (novice MiFi)
 10636 | D:9      | Found a transporter.
 11056 | D:9      | Found a glowing golden altar of the Shining One.
 11063 | D:9      | XOM: scenery: 2 doors open, 2 doors close
 11126 | D:10     | Entered Level 10 of the Dungeon
 11323 | D:10     | Noticed Urug
 11333 | D:10     | Killed Urug
 11539 | D:10     | XOM is BORED!
 11539 | D:10     | XOM: give mutations
 11539 | D:10     | Lost mutation: You are dopey. (Int -2) [Xom's mischief]
 11539 | D:10     | Lost mutation: Your body sometimes deteriorates upon taking
                  | damage. [Xom's mischief]
 11670 | D:10     | XOM: cloud trail
 11683 | D:10     | XOM: 9-stop teleportation journey
 11748 | D:10     | Found Ehurgharche's Distillery.
 11748 | D:10     | XOM: 9-stop teleportation journey
 11988 | D:10     | Bought a potion of haste for 120 gold pieces
 12037 | D:10     | Reached skill level 15 in Axes
 12266 | D:11     | XOM: summons 3 hostile demons
 12335 | D:11     | XOM: god gift: helmet {god gift}
 12490 | D:11     | XOM: blink monster(s)
 12543 | D:11     | Reached skill level 5 in Evocations
 12543 | D:11     | Noticed a purple ugly thing
 12550 | D:11     | XOM: potion effect (haste)
 12557 | D:11     | Killed a purple ugly thing
 12557 | D:11     | Reached skill level 10 in Fighting
 12755 | D:11     | Noticed a cyclops
 12764 | D:11     | XOM: summons 3 friendly demons
 12768 | D:11     | Killed a cyclops
 12871 | D:11     | Found a staircase to the Lair.
 12872 | D:11     | Reached XP level 12. HP: 109/109 MP: 12/12
 12979 | D:11     | Reached skill level 16 in Axes
 12997 | D:11     | Found a roughly hewn altar of Beogh.
 12997 | D:11     | Found a staircase to the Orcish Mines.
 12998 | D:11     | XOM: summons 10 friendly demons
 13082 | D:11     | XOM: god gift: 28 stones
 13420 | D:11     | XOM: summons 3 friendly demons
 13539 | D:11     | XOM: give mutation
 13539 | D:11     | Gained mutation: You are surrounded by a mild repulsion
                  | field. (EV +2) [Xom's grace]
 13578 | Lair:1   | Entered Level 1 of the Lair of Beasts
 13588 | Lair:1   | Identified 2 scrolls of acquirement
 13593 | Lair:1   | Acquired the +10 broad axe "Nokuf" {venom, rF++ Stlth+}
 13595 | Lair:1   | Acquired a manual of Fighting
 13612 | Lair:1   | XOM: 1-stop teleportation journey
 13852 | Lair:1   | XOM: silly message
 14177 | Lair:1   | XOM: silly message
 14293 | Lair:2   | Acquired 710 gold pieces
 14301 | Lair:2   | Acquired a manual of Evocations
 14303 | Lair:2   | Acquired a +4 broad axe of holy wrath
 14447 | Lair:2   | Reached skill level 10 in Armour
 14453 | Lair:2   | Reached skill level 17 in Axes
 14789 | Lair:3   | XOM: cast spell 'Leda's Liquefaction'
 14885 | Lair:3   | Found a staircase to the Snake Pit.
 14886 | Lair:3   | XOM: potion effect (experience)
 14886 | Lair:3   | Reached XP level 13. HP: 120/120 MP: 13/13
 14910 | Lair:3   | XOM: silly message
 15119 | Lair:3   | XOM: give mutation
 15119 | Lair:3   | Gained mutation: You possess an exceptional clarity of
                  | mind. [Xom's grace]
 15196 | Lair:3   | Found a runed translucent gate.
 15198 | Lair:3   | XOM: divination: detect creatures
 15222 | Lair:3   | Found a runed translucent gate.
 15223 | Lair:3   | Found a runed translucent gate.
 15224 | Lair:3   | Noticed Sygruoh's ghost (journeyman TeAE)
 15246 | Lair:3   | XOM: divination: detect creatures
 15249 | Lair:3   | XOM: enchant monster (good)
 15249 | Lair:3   | XOM: smoke on damage
 15735 | Lair:4   | Found a staircase to the Shoals.
 15954 | Lair:4   | Reached XP level 14. HP: 129/130 MP: 14/14
 16055 | Lair:4   | XOM: chaos cloud
 16061 | Lair:4   | Paralysed by you for 3 turns
 16068 | Lair:4   | XOM: give mutations
 16068 | Lair:4   | Lost mutation: Your spells are a little harder to cast, but
                  | a little more powerful. [Xom's mischief]
 16068 | Lair:4   | Lost mutation: You passively map a small area around you.
                  | [Xom's mischief]
 16068 | Lair:4   | Lost mutation: Your natural rate of healing is unusually
                  | fast. [Xom's mischief]
 16068 | Lair:4   | Lost mutation: You are partially covered in rugged brown
                  | scales. (AC +1, +3% HP) [Xom's mischief]
 16075 | Lair:4   | XOM: polymorph oklob plant -> oklob plant
 16159 | Lair:4   | XOM: give mutation
 16159 | Lair:4   | Lost mutation: You are surrounded by a mild repulsion
                  | field. (EV +2) [Xom's mischief]
 16400 | Lair:4   | XOM: 1-stop teleportation journey
 16750 | Lair:4   | Acquired the +9 broad axe "Woyduret" {antimagic, +Rage rF+
                  | Str-4 Int+3}
 16751 | Lair:4   | Acquired the +0 cloak of Resilience {rC++ Str+2 Int+3}
 16752 | Lair:4   | Acquired the +0 pair of boots of Zaakolit {Str+6}
 16791 | Lair:4   | XOM: confuse monster(s)
 17039 | Lair:4   | Identified the +5 scale mail of Optimism {Regen+ Int+5
                  | Dex-5} (You found it on level 4 of the Lair of Beasts)
 17308 | Lair:5   | XOM: scenery: create altars
 17436 | Lair:5   | XOM: potion effect (brilliance)
 17494 | Lair:5   | XOM: confuse monster(s)
 17502 | Lair:5   | XOM: noise
 17537 | Lair:5   | XOM: god gift: wand of polymorph (9)
 17624 | Lair:5   | Reached skill level 18 in Axes
 17629 | Lair:5   | You fall into a shaft and drop 1 floor!
 17629 | Lair:6   | Entered Level 6 of the Lair of Beasts
 17630 | Lair:6   | XOM: potion effect (stabbing)
 17650 | Lair:6   | Found a large runed translucent door.
 17650 | Lair:6   | XOM: polymorph black mamba -> basilisk
 17653 | Lair:6   | Found a large runed translucent door.
 17655 | Lair:6   | XOM: noise
 17665 | Lair:6   | XOM: enchant monster (good)
 17839 | Lair:6   | XOM: cast spell 'Call Canine Familiar'
 17850 | Lair:6   | XOM: smoke on damage
 17866 | Lair:6   | XOM: potion effect (invisibility)
 18066 | Lair:6   | XOM: silly message
 18236 | Lair:6   | XOM: silly message
 18248 | Lair:6   | XOM: divination: detect items
 18250 | Lair:6   | XOM: divination: detect creatures
 18261 | Lair:6   | XOM: enchant monster (good)
 18322 | Lair:6   | XOM: noise
 18515 | Lair:5   | Found a viscous altar of Jiyva.
 18515 | Lair:5   | Found a staircase to the Slime Pits.
 18633 | Lair:5   | XOM: cloud trail
 18906 | Lair:6   | Noticed Sonja
 18907 | Lair:6   | XOM: smoke on damage
 19032 | Lair:6   | XOM: smoke on damage
 19035 | Lair:6   | Cast into level 1 of the Abyss (Sonja)
 19035 | Abyss:1  | Found a corrupted altar of Lugonu.
 19042 | Abyss:1  | Got a topaz-encrusted ring mail
 19080 | Abyss:1  | XOM: blink monster(s)
 19100 | Abyss:1  | Noticed a Hell Sentinel
 19129 | Abyss:1  | Noticed a tentacled starspawn
 19131 | Abyss:1  | XOM: summons friendly shadow imp
 19198 | Abyss:1  | Noticed a tentacled starspawn
 19199 | Abyss:1  | Reached skill level 10 in Evocations
 19199 | Abyss:1  | Noticed a tentacled starspawn
 19205 | Abyss:1  | XOM: fake destruction
 19206 | Abyss:1  | Killed a tentacled starspawn
 19221 | Abyss:1  | XOM: enchant monster (bad)
 19224 | Abyss:1  | Noticed a starcursed mass
 19229 | Abyss:1  | Noticed a tentacled starspawn
 19230 | Abyss:1  | XOM: polymorph efreet -> apocalypse crab
 19242 | Abyss:1  | Identified the cursed +0 scale mail of the Vestibule of
                  | Hell {MR+ rCorr Int+2 Dex+3} (You found it on level 1 of
                  | the Abyss)
 19243 | Abyss:1  | Identified the +4 ring mail of Marbles {Str+4} (You found
                  | it on level 1 of the Abyss)
 19296 | Abyss:1  | Reached skill level 15 in Fighting
 19303 | Abyss:1  | Killed a tentacled starspawn
 19322 | Lair:6   | Escaped the Abyss
 19326 | Lair:6   | Noticed Sonja
 19326 | Lair:6   | Sonja changed into Sonja the spriggan
 19331 | Lair:6   | Killed Sonja the spriggan
 19538 | Lair:6   | Reached XP level 15. HP: 139/141 MP: 15/15
 19558 | Lair:6   | XOM: summons 3 friendly demons
 19770 | Lair:6   | Reached skill level 19 in Axes
 20010 | Orc:1    | Entered Level 1 of the Orcish Mines
 20091 | Orc:1    | XOM: god gift: wand of iceblast (5)
 20613 | Orc:2    | Entered Level 2 of the Orcish Mines
 20613 | Orc:2    | Noticed Saint Roka
 20715 | Orc:1    | XOM: god gift: granite ring {god gift}
 20786 | Orc:1    | XOM: confuse monster(s)
 20808 | Orc:2    | XOM: divination: magic mapping
 21128 | Orc:2    | Found a staircase to the Elven Halls.
 21418 | Orc:1    | Killed Saint Roka
 21616 | Orc:2    | Found a roughly hewn altar of Beogh.
 21723 | Orc:2    | XOM: confuse monster(s)
 21738 | Orc:2    | XOM: confuse monster(s)
 21742 | Orc:2    | XOM: divination: detect creatures
 21755 | Orc:2    | Found Ceograuc's Antique Weapon Shoppe.
 21761 | Orc:2    | XOM: potion effect (haste)
 22404 | Orc:2    | XOM: confuse monster(s)
 22435 | Orc:2    | XOM: scenery: summon butterflies
 22629 | Orc:2    | Found Bazeqat's Jewellery Emporium.
 22629 | Orc:2    | Found Motudgh's Assorted Antiques.
 22631 | Orc:2    | Found Qigosmel's Weapon Boutique.
 22631 | Orc:2    | Found Ynwitu's Armour Emporium.
 22638 | Orc:2    | Bought a scroll of teleportation for 78 gold pieces
 22638 | Orc:2    | Bought a scroll of teleportation for 78 gold pieces
 22638 | Orc:2    | Bought 2 red potions for 46 gold pieces
 22638 | Orc:2    | Bought a scroll labeled ECREAQOAMUN for 26 gold pieces
 22651 | Orc:2    | Bought the ring "Zucietih" {rPois rF+ Str+6 Dex-2 Stlth+}
                  | for 1129 gold pieces
 23015 | D:12     | XOM: scenery: summon butterflies
 23068 | D:12     | XOM: divination: magic mapping
 23196 | D:12     | Identified the cursed +0 pair of gloves of the Arcane
                  | {rPois rCorr Str+2} (You found it on level 12 of the
                  | Dungeon)
 23490 | D:12     | Reached skill level 5 in Dodging
 23548 | D:12     | Found a runed translucent door.
 23548 | D:12     | Noticed p0werm0de's ghost (journeyman MiFi)
 23865 | D:13     | Found Deeddik's Weapon Emporium.
 23874 | D:13     | XOM: chaos upgrade
 24401 | D:13     | Found a shimmering altar of Xom.
 24496 | D:14     | XOM: divination: detect creatures
 24504 | D:13     | XOM: divination: detect items
 24505 | D:13     | Noticed a storm dragon
 24505 | D:13     | a six-headed hydra changed into a storm dragon
 24509 | D:13     | XOM: silly message
 24984 | D:14     | XOM: cast spell 'Leda's Liquefaction'
 24986 | D:14     | Reached XP level 16. HP: 101/157 MP: 12/16
 25028 | D:14     | XOM: cloud trail
 25049 | D:14     | XOM: 7-stop teleportation journey
 25309 | D:14     | Reached skill level 20 in Axes
 25327 | D:14     | XOM: summons 9 hostile demons
 25360 | D:14     | XOM: enchant monster (bad)
 25402 | D:14     | Found a gate to the Vaults.
 25525 | D:14     | Identified the amulet "Geetio" {RegenMP Int+4 Dex+4 SInv}
                  | (You found it on level 14 of the Dungeon)
 25588 | D:15     | Entered Level 15 of the Dungeon
 25676 | D:15     | XOM: chaos upgrade
 25677 | D:15     | XOM: silly message
 25678 | D:15     | XOM: scenery: create altars
 25948 | D:15     | Noticed Josephine
 25957 | D:15     | Killed Josephine
 25990 | D:15     | XOM: 4-stop teleportation journey
 26109 | D:15     | XOM: 2-stop teleportation journey
 26134 | D:15     | XOM: noise
 26151 | D:15     | XOM: smoke on damage
 26307 | D:15     | Noticed Jorgrun
 26323 | D:15     | Killed Jorgrun
 26474 | D:15     | XOM: polymorph cyclops -> jumping spider
 26577 | D:15     | Found a staircase to the Depths.
 26715 | D:15     | XOM: enchant monster (bad)
 26724 | D:15     | XOM: enchant monster (good)
 27058 | Snake:1  | Entered Level 1 of the Snake Pit
 27110 | Snake:1  | XOM: potion effect (brilliance)
 27123 | Snake:1  | XOM: silly message
 27229 | Snake:1  | Noticed Nikola
 27235 | Snake:1  | XOM: silly message
 27244 | Snake:1  | Killed Nikola
 27271 | Snake:1  | XOM: silly message
 27287 | Snake:1  | XOM: potion effect (stabbing)
 27297 | Snake:1  | XOM: potion effect (stabbing)
 27324 | Snake:1  | XOM: silly message
 27353 | Snake:1  | XOM: potion effect (berserk rage)
 27358 | Snake:1  | XOM: silly message
 27359 | Snake:1  | Reached XP level 17. HP: 166/166 MP: 17/17
 27360 | Snake:1  | XOM: potion effect (curing)
 27364 | Snake:1  | XOM: potion effect (haste)
 27636 | Snake:1  | XOM: potion effect (curing)
 27650 | Snake:1  | Reached skill level 10 in Shields
 28108 | Snake:2  | XOM: cast spell 'Summon Small Mammal'
 28109 | Snake:2  | XOM: silly message
 28139 | Snake:2  | Reached skill level 21 in Axes
 28313 | Snake:2  | XOM: 6-stop teleportation journey
 28382 | Snake:2  | XOM: noise
 28418 | Snake:2  | XOM: chaos cloud
 28517 | Snake:2  | XOM: summons 2 hostile demons
 28741 | Snake:2  | XOM: summons 4 hostile shadow creatures
 28985 | Snake:3  | XOM: summons 4 hostile shadow creatures
 28991 | Snake:4  | Entered Level 4 of the Snake Pit
 29068 | Snake:3  | XOM: silly message
 29069 | Snake:3  | XOM: confuse monster(s)
 29070 | Snake:3  | XOM: summons 13 friendly demons
 29225 | Snake:3  | XOM: summons friendly iron imp
 29311 | Snake:3  | XOM: confuse monster(s)
 29318 | Snake:3  | XOM: enchant monster (good)
 29319 | Snake:3  | XOM: summons 5 friendly demons
 29533 | Snake:3  | XOM: silly message
 29677 | Snake:3  | XOM: confuse monster(s)
 30079 | Snake:3  | XOM: give mutations
 30079 | Snake:3  | Lost mutation: Your system is resistant to poisons. (rPois)
                  | [Xom's mischief]
 30079 | Snake:3  | Gained mutation: You are frail. (-10% HP) [Xom's mischief]
 30303 | Snake:3  | XOM: give mutations
 30303 | Snake:3  | Lost mutation: You have sharp toenails. [Xom's mischief]
 30303 | Snake:3  | Gained mutation: You occasionally shout uncontrollably at
                  | your foes. [Xom's mischief]
 30303 | Snake:3  | Lost mutation: You possess an exceptional clarity of mind.
                  | [Xom's mischief]
 30303 | Snake:3  | Lost mutation: You have a pair of small antennae on your
                  | head. [Xom's mischief]
 30373 | Snake:3  | Upgraded the game from 0.26-a0-540-g8a0c9464d7 to
                  | 0.26-a0-597-gb535b0901c
 30394 | Snake:4  | XOM: confusion
 30526 | Snake:4  | XOM: noise
 30714 | Snake:4  | Reached XP level 18. HP: 129/160 MP: 18/18
 30724 | Snake:4  | Reached skill level 15 in Evocations
 30911 | Snake:4  | XOM: summons friendly shadow imp
 31068 | Snake:4  | XOM: summons 8 hostile demons
 31098 | Snake:4  | XOM: confusion
 31111 | Snake:4  | XOM: enchant monster (bad)
 31318 | Snake:4  | XOM: enchant monster (bad)
 31325 | Snake:4  | XOM: enchant monster (good)
 31327 | Snake:4  | XOM: fake destruction
 31634 | Snake:4  | XOM: silly message
 31654 | Snake:4  | XOM: noise
 31667 | Snake:4  | XOM: divination: detect creatures
 31714 | Snake:4  | XOM: enchant monster (bad)
 31722 | Snake:4  | XOM: silly message
 31856 | Snake:4  | XOM: potion effect (stabbing)
 32026 | Snake:4  | Got a serpentine rune of Zot
 32280 | Shoals:1 | Entered Level 1 of the Shoals
 32307 | Shoals:1 | XOM: enchant monster (bad)
 32314 | Shoals:1 | XOM: chaos upgrade
 32316 | Shoals:1 | XOM: cast spell 'Discord'
 32995 | Shoals:1 | XOM: give mutations
 32995 | Shoals:1 | Lost mutation: Your flesh is cold resistant. (rC+) [Xom's
                  | mischief]
 32995 | Shoals:1 | Gained mutation: You sometimes yell uncontrollably at your
                  | foes. [Xom's mischief]
 33065 | Shoals:1 | Found Duticek's Antique Armour Shoppe.
 33073 | Shoals:1 | Bought a shiny helmet for 180 gold pieces
 33283 | Shoals:2 | XOM: confuse monster(s)
 33446 | Shoals:2 | Reached XP level 19. HP: 151/166 MP: 19/19
 33541 | Shoals:2 | Found a hide-covered altar of Uskayaw.
 33541 | Shoals:2 | XOM: 3-stop teleportation journey
 33556 | Shoals:2 | XOM: destruction
 33565 | Shoals:2 | Reached skill level 22 in Axes
 33574 | Shoals:2 | XOM: divination: magic mapping
 33820 | Shoals:2 | XOM: summons friendly shadow imp
 33845 | Shoals:2 | XOM: cast spell 'Cause Fear'
 33992 | Shoals:2 | XOM: 5-stop teleportation journey
 34416 | Shoals:3 | XOM: confuse monster(s)
 34453 | Shoals:3 | XOM: scenery: create altars
 34515 | Shoals:3 | XOM: divination: detect items
 34583 | Shoals:3 | Noticed Ilsuiw
 34649 | Shoals:3 | Killed Ilsuiw
 34750 | Shoals:3 | XOM: 1-stop teleportation journey
 34766 | Shoals:3 | XOM: divination: magic mapping
 35214 | Shoals:4 | Entered Level 4 of the Shoals
 35237 | Shoals:4 | XOM: chaos cloud
 35239 | Shoals:4 | Paralysed by you for 4 turns
 35239 | Shoals:4 | XOM: repel stairs
 35254 | Shoals:4 | XOM: confusion
 35383 | Shoals:4 | XOM: summons 2 hostile demons
 35454 | Shoals:4 | XOM: summons 2 friendly demons
 35463 | Shoals:4 | XOM: noise
 35518 | Shoals:4 | XOM: silly message
 35721 | Shoals:4 | XOM: divination: detect items
 35760 | Shoals:4 | XOM: enchant monster (good)
 35785 | Shoals:4 | HP: 3/169 [merfolk javelineer/silver javelin (20)]
 35785 | Shoals:4 | Hit by a silver javelin thrown by a merfolk javelineer

Illustrated notes

Levels and vault maps discovered:
D:1:      dpeg_arrival_radiant, layout_basic
D:2:      layout_basic, uniq_jessica
D:3:      layout_loops_cross, nicolae_overflow_hidden_temple,
          minmay_strange_pillars, hangedman_decor_push
D:4:      layout_basic, bloody_makhleb
D:5:      layout_rooms, gammafunk_temple_overflow_pools, kennysheep_mini,
          minmay_temple_entry_grid, gup_sewer_entry_pipe, basic_altar,
          nicolae_ru_awakened_eye
D:6:      layout_gridville, lemuel_doored_altar, ebering_ghost_sewer_d,
          serial_shops, nicolae_shop_stone, shop, lemuel_blue_sif_altar,
          uniq_eustachio
D:7:      layout_cave_pools, gammafunk_ghost_necromancy
D:8:      layout_cave_pools, serial_ice, serial_ice_o, serial_ice_n,
          serial_ice_l, serial_ice_b, serial_ice_m, serial_ice_c, serial_ice_h,
          uniq_maurice, uniq_erica, uniq_maggie
D:9:      layout_roguey, kennysheep_mini_moat, gammafunk_ghost_stat_death,
          basic_altar, uniq_joseph
D:10:     layout_cave_pods, serial_shops, shop, grunt_ministairs_6, uniq_urug
D:11:     layout_basic, grunt_lair_entry_orc_guard_hut, david_orc_5, st_stairs_4
D:12:     layout_basic, gammafunk_ghost_grave
D:13:     layout_basic, serial_shops, nicolae_shop_trees, lemuel_centaur_altar
D:14:     layout_cave_pools, grunt_vaults_entry_tiered
D:15:     hangedman_depths_entry_civil_slaughter, layout_basic,
          nicolae_looking_at_the_future, uniq_jorgrun, uniq_josephine
Lair:1:   layout_roguey, lemuel_fruit_tree, serial_bayou_shore_b,
          grunt_megastairs_2
Lair:2:   layout_cave_shapes, st_stairs_12
Lair:3:   layout_loops_ring, guppyfry_snake_entry_island,
          ebering_ghost_rock_garden, chequers_serial_rivers_marsh
Lair:4:   layout_loops_ring, elwin_shoals_entry_rocks,
          cheibrodos_lair_caveside_slide, cheibrodos_lair_reptile_den,
          minmay_lair_oklob_chamber
Lair:5:   layout_regular_city, dpeg_slime_entry_enclosed_altar, minivault_23,
          nicolae_quartered_pool_little, columned_hall_lemuel,
          serial_bayou_pond_e, chequers_serial_rivers_micro_d,
          patterned_corridor
Lair:6:   cheibrodos_lair_end_hotspot, layout_big_grid, serial_bayou_pond_e,
          chequers_serial_rivers_room_a, dpeg_stationary_puzzle, uniq_sonja
Shoals:1: layout_shoals, serial_shops, shop, abandoned_shop
Shoals:2: layout_shoals, regret_index_shoals_crete
Shoals:3: layout_shoals, abandoned_shop, uniq_ilsuiw
Shoals:4: shoals_end_simple, layout_shoals, ebering_ghost_inner_flame,
          serial_shops, nicolae_shop_waterfront, nicolae_shoals_isolated_beach
Snake:1:  layout_misc_corridors, serial_bayou_shore_b, serial_bayou_shore_b,
          serial_bayou_shore_b, uniq_nikola
Snake:2:  layout_misc_corridors, st_stairs_12, serial_bayou_lagoon_b
Snake:3:  minmay_snake_river, layout_chambers, serial_bayou_ford_a
Snake:4:  grunt_snake_rune_pools, layout_rooms, drop_trap, st_stairs_6,
          serial_bayou_shore_b
Orc:1:    layout_diamond_mine, nicolae_orc_rockfall, roderic_batcave
Orc:2:    grunt_orc_tribal_feast, layout_caves, serial_shops, shop, basic_altar,
          minmay_orc_keep, uniq_saint_roka

Skill      XL: |  1  2  3  4  5  6  7  8  9 10 11 12 13 14 15 16 17 18 19 |
---------------+----------------------------------------------------------+-----
Fighting       | 4 5 6 7 8 10 11 12 15 17 18 19 20 | 20.8
Dodging        | 1 2 3 4 5 6 7 |  7.3
Axes           | 5 6 7 8 9 12 14 15 17 18 19 20 21 22 | 22.3
Armour         | 3 4 5 6 7 8 9 10 11 12 13 | 13.6
Stealth        | 1 2 3 |  3.8
Evocations     | 3 5 6 7 10 12 14 15 | 15.9
Shields        | 8 9 11 13 14 | 14.9

Action                   |  1- 3 |  4- 6 |  7- 9 | 10-12 | 13-15 | 16-18 | 19-21 || total
-------------------------+-------+-------+-------+-------+-------+-------+-------++-------
Melee: Hand axe          |    91 |   124 |   212 |       |       |       |       ||   427
       Kick              |       |       |     5 |   183 |    46 |       |       ||   234
       Battleaxe         |       |       |    96 |   530 |       |       |       ||   626
       Broad axe         |       |       |       |    72 |   875 |  1060 |   387 ||  2394
 Abil: Blink             |       |       |       |       |       |    10 |       ||    10
Evoke: Wand              |       |       |       |     4 |    21 |    16 |    29 ||    70
       Lightning rod     |       |       |       |       |     1 |       |       ||     1
       Phantom mirror    |       |       |       |       |       |     1 |       ||     1
       Box of beasts     |       |       |       |       |       |       |     1 ||     1
  Use: Scroll            |       |       |    10 |    16 |    20 |    14 |     1 ||    61
       Potion            |       |       |     6 |       |       |     4 |     5 ||    15
 Stab: Paralysed         |       |     3 |     4 |       |     6 |     3 |     4 ||    20
       Sleeping          |       |     1 |       |       |     2 |     8 |     2 ||    13
       Distracted        |       |       |     1 |       |     2 |     2 |       ||     5
       Confused          |       |       |     5 |       |     7 |       |       ||    12
       Petrifying        |       |       |     1 |       |       |       |       ||     1
       Invisible         |       |       |       |       |     4 |       |     3 ||     7
       Fleeing           |       |       |       |       |       |     1 |       ||     1
       Held in net/web   |       |       |       |       |       |       |     1 ||     1
Armor: Leather armour    |    10 |       |       |       |       |       |       ||    10
       Chain mail        |    37 |    55 |   184 |   310 |    38 |       |       ||   624
       Skin              |       |       |    29 |     9 |       |       |       ||    38
       Scale mail        |       |       |       |       |   223 |   254 |   134 ||   611
       Plate armour      |       |       |       |       |    63 |       |       ||    63
Dodge: Dodged            |    38 |    48 |   115 |   219 |   368 |   203 |    60 ||  1051
Block: Other             |       |       |    33 |   136 |   140 |    16 |       ||   325
       Reflection        |       |       |     4 |     1 |    13 |   131 |    38 ||   187
       Kite shield       |       |       |       |       |       |   257 |       ||   257
       Tower shield      |       |       |       |       |       |   685 |   504 ||  1189

Table legend: (Time is in decaauts)
 A = Elapsed time spent in this place.
 B = Non-inter-level travel time spent in this place.
 C = Inter-level travel time spent in this place.
 D = Time resting spent in this place.
 E = Time spent auto-exploring this place.
 F = Levels seen in this place.
 G = Mean time per level.
                   A        B        C        D        E       F      G
               +--------+--------+--------+--------+--------+-----+--------+
         Total |  35541 |  33705 |   1836 |   5652 |  19821 |  33 | 1077.0 |
       Dungeon |  17424 |  16517 |    907 |   2982 |  10315 |  15 | 1161.6 |
          Lair |   6403 |   5879 |    524 |    927 |   3955 |   6 | 1067.2 |
        Shoals |   3544 |   3463 |     81 |    403 |   1901 |   4 |  886.0 |
     Snake Pit |   4954 |   4797 |    157 |    769 |   2263 |   4 | 1238.5 |
  Orcish Mines |   2684 |   2520 |    164 |    550 |   1201 |   2 | 1342.0 |
         Abyss |    276 |    276 |      0 |     18 |      0 |   1 |  276.0 |
         Sewer |    253 |    253 |      0 |      0 |    183 |   1 |  253.0 |
               +--------+--------+--------+--------+--------+-----+--------+

Top non-repeatable levels by time:
     D:6: 2033 daAuts
  Lair:4: 1800 daAuts
     D:7: 1763 daAuts
 Snake:3: 1715 daAuts
    D:11: 1590 daAuts
 Snake:4: 1524 daAuts
     D:4: 1498 daAuts
     D:1: 1436 daAuts
   Orc:1: 1408 daAuts
   Orc:2: 1276 daAuts
    D:15: 1252 daAuts
Shoals:2: 1205 daAuts
  Lair:5: 1165 daAuts
  Lair:6: 1091 daAuts
  Lair:3: 1072 daAuts
